 Dungeon Sprint DCSS version 0.17-a0-1655-g88a8506 (webtiles) character file.

28 Kidiri the Sneak (level 2, -1/13 HPs)
             Began as a Spriggan Enchanter on Aug 15, 2015.
             Was a Believer of Dithmenos.
             Killed from afar by an orc wizard (6 damage)
             ... with a puff of flame
             ... in the Dungeon (Sprint VII: "The Pits").
             The game lasted 00:03:05 (764 turns).

Kidiri the Sneak (Spriggan Enchanter)                Turns: 764, Time: 00:03:05

Health: -1/13      AC:  3    Str:  4    XL:     2   Next: 96%
Magic:  1/8        EV: 20    Int: 16    God:    Dithmenos [**....]
Gold:   0          SH:  0    Dex: 16    Spells: 2 memorised, 6 levels left

rFire  . . .     SeeInvis +     a - +2 dagger
rCold  . . .     Clarity  .     b - +1 robe
rNeg   . . .     SustAt   .     (shield restricted)
rPois  .         Gourm    .     (helmet restricted)
rElec  .         Spirit   .     (no cloak)
rCorr  .         Warding  .     (gloves unavailable)
rMut   .         NoTele   +     (boots unavailable)
MR     .....                    (no amulet)
Stlth  +++++.....               (no ring)
                                (no ring)

@: lethally poisoned (-1 -> -32), very slightly contaminated, wreathed by umbra,
very quick, not resistant to hostile enchantments, quite stealthy
A: unfitting armour, see invisible, herbivore 3, speed 3, slow metabolism 2
a: Shadow Step, Renounce Religion


You were in the Dungeon.
You worshipped Dithmenos.
Dithmenos was pleased with you.
You were not hungry.

You visited 1 branch

Inventory:

Hand weapons
 a - a +2 dagger (weapon)
Armour
 b - a +1 robe (worn)
Scrolls
 j - a scroll of blinking
 m - 3 scrolls of remove curse
 n - 5 scrolls of amnesia
 o - a scroll of summoning
Potions
 g - a potion of haste
 h - 4 potions of magic
 i - 3 potions of berserk rage
 l - 2 potions of invisibility
Books
 c - a book of Maledictions

   Spells                             Type                      Level
   a - Corona                         Hexes                        1
   b - Ensorcelled Hibernation        Hexes/Ice                    2
   c - Confuse                        Hexes                        3
   d - Tukima's Dance                 Hexes                        3
   e - Dazzling Spray                 Conjuration/Hexes            3
Comestibles
 d - 8 bread rations
 k - 40 fruits


   Skills:
 + Level 2.1 Short Blades
 * Level 5.1 Dodging
 * Level 6.2 Stealth
 * Level 4.3 Spellcasting
 + Level 4.4 Hexes
 + Level 0.5 Ice Magic
 + Level 0.6 Invocations


You had 6 spell levels left.
You knew the following spells:

 Your Spells              Type           Power        Failure   Level  Hunger
a - Corona                Hex            ###....      2%          1    None
b - Ensorcelled Hibernat  Hex/Ice        ##....       10%         2    ##.....


Dungeon Overview and Level Annotations

Branches:
Dungeon (1/1)

Altars:
Ashenzari
Cheibriados
Dithmenos
Elyvilon
Fedhas
Gozag
Kikubaaqudgha
Makhleb
Nemelex Xobeh
Okawaru
Qazlal
Ru
Sif Muna
Trog
Vehumet
Xom
Yredelemnul
Zin
The Shining One
Beogh
Jiyva
Lugonu


Innate Abilities, Weirdness & Mutations

You are tiny and cannot use many weapons and most armour.
You have supernaturally acute eyesight.
You are a herbivore.
You cover ground extremely quickly.
You need consume almost no food.


Message History

You hit the orc wizard.
The orc wizard is severely wounded.
The orc wizard points at you and mumbles some strange words.
The puff of frost misses you.
The orc wizard hits you but does no damage.
Drink which item? (? for menu, Esc to quit)
You feel much better.
You feel sick.
The orc wizard stops glowing.
The orc wizard hits you with a dagger of venom.
You are more poisoned.
You hit the orc wizard.
The orc wizard is severely wounded.
You feel sick.
The orc wizard hits you but does no damage.
You are more poisoned.
You hit the orc wizard.
The orc wizard is severely wounded.
You feel sick.
The orc wizard points at you and mumbles some strange words.
The puff of flame hits you!
You die...

#__________#
#__________#
#.#####+##############++
#_#)))+.+%.##...........
#_#)))#.#?(##......#..#.
#######+#####...........
#...........'...........
#+#####'#####......#..#.
#..@oo##...........
#####'#####+#####++
#%..รท.##.......#
#.....##.......#
###o####.......#
#.l...##...<...#
#.oo.....##.......#
#.o......##.......#
###########.......#


You could see an orc wizard and an orc.

Vanquished Creatures
  2 adders (D)
  An orc (D)
  A giant cockroach (D)
  A hobgoblin (D)
  3 jackals (D)
  A bat (D)
  A giant newt (D)
10 creatures vanquished.

Notes
Turn   | Place    | Note
--------------------------------------------------------------
     0 | D        | Kidiri the Spriggan Enchanter began the quest for the Orb.
     0 | D        | Reached XP level 1. HP: 9/9 MP: 5/5
    38 | D        | Found a sacrificial altar of Ru.
    38 | D        | Found a basalt altar of Yredelemnul.
    38 | D        | Found a shadowy altar of Dithmenos.
    38 | D        | Found a deep blue altar of Sif Muna.
    38 | D        | Found a burning altar of Makhleb.
    38 | D        | Found a shimmering altar of Xom.
    38 | D        | Found an ancient bone altar of Kikubaaqudgha.
    38 | D        | Found a sparkling altar of Nemelex Xobeh.
    39 | D        | Found a glowing golden altar of the Shining One.
    39 | D        | Found a bloodstained altar of Trog.
    39 | D        | Found a shattered altar of Ashenzari.
    39 | D        | Found a white marble altar of Elyvilon.
    39 | D        | Found a snail-covered altar of Cheibriados.
    39 | D        | Found a blossoming altar of Fedhas.
    39 | D        | Found a radiant altar of Vehumet.
    39 | D        | Found a glowing silver altar of Zin.
    39 | D        | Found a corrupted altar of Lugonu.
    39 | D        | Found a viscous altar of Jiyva.
    39 | D        | Found a roughly hewn altar of Beogh.
    39 | D        | Found an iron altar of Okawaru.
    42 | D        | Became a worshipper of Dithmenos the Shadowed
    46 | D        | Found a stormy altar of Qazlal.
    46 | D        | Found an opulent altar of Gozag.
   182 | D        | Reached skill level 5 in Stealth
   207 | D        | Reached XP level 2. HP: 13/13 MP: 7/7
   214 | D        | Learned a level 2 spell: Ensorcelled Hibernation
   329 | D        | Acquired Dithmenos's first power
   449 | D        | Noticed an orc wizard
   449 | D        | Noticed an orc priest
   462 | D        | Reached skill level 5 in Dodging
   462 | D        | Reached skill level 6 in Stealth
   764 | D        | Killed from afar by an orc wizard

Vault maps used:
D:        pitsprint

Action                   || total
-------------------------++-------
Melee: Dagger            ||    63
 Cast: Corona            ||     2
       Ensorcelled Hiber ||     6
  Use: Potion            ||     2
 Stab: Sleeping          ||     4
